 Seeded DCSS version 0.31-a0-271-gb88eb75e06 (webtiles) character file.

Game seed: 14215367866634240820 (custom seed)

2 innerfire43 the Trooper (level 1, -1/18 HPs)
             Began as a Demonspawn Monk on July 14, 2023.
             Slain by a frilled lizard (2 damage)
             ... on level 1 of the Dungeon.
             The game lasted 00:00:09 (52 turns).

innerfire43 the Trooper (Demonspawn Monk)             Turns: 52, Time: 00:00:10

Health: -1/18      AC:  2    Str: 11    XL:     1   Next: 25%
Magic:  1/1        EV: 10    Int: 11    God:
Gold:   7          SH:  0    Dex: 15    Spells: 0/0 levels left

rFire   . . .        a - +0 spear
rCold   . . .        d - orb {light}
rNeg    . . .        b - +0 robe
rPois   .            (no helmet)
rElec   .            (no cloak)
rCorr   .            (no gloves)
SInv    .            (no boots)
Will    .....        (no amulet)
Stlth   +            (no ring)
HPRegen 0.23/turn    (no ring)
MPRegen 0.07/turn

%: no passive effects
@: confused, ambrosia-drunk, glowing, constricted
A: no striking features
a: no special abilities


You were on level 1 of the Dungeon.
You visited 1 branch of the dungeon, and saw 1 of its levels.

You collected 7 gold pieces.

Inventory:

Hand Weapons
 a - a +0 spear (weapon)
Armour
 b - a +0 robe (worn)
 d - an orb of light (worn)
Scrolls
 e - a scroll of enchant weapon {unknown}


   Skills:
 + Level 3.0 Fighting
 * Level 2.7 Polearms
 + Level 2.7 Dodging


You couldn't memorise any spells.
You didn't know any spells.
Your spell library was empty.

Dungeon Overview and Level Annotations

Branches:
Dungeon (1/15)

Altars:


Message History

The goblin barely misses you. The ball python bites you.
The ball python grabs you. The ball python constricts you.
You barely miss the goblin. The frilled lizard barely misses you.
The goblin hits you with a +0 club. The ball python closely misses you.
The ball python constricts you.
Unknown command.
You hit the goblin.
The goblin is severely wounded.
A hobgoblin comes into view.
The goblin barely misses you. The frilled lizard bites you.
The ball python bites you. The ball python constricts you.
You barely miss the goblin.
The goblin is severely wounded.
The hobgoblin shouts!
The frilled lizard bites you. The goblin barely misses you.
The ball python barely misses you. The ball python constricts you.
Unknown command.
You hit the goblin.
You kill the goblin!
The ball python bites you but does no damage.
The ball python constricts you.
The frilled lizard bites you but does no damage.
The jackal barely misses you.
Unknown command.
You closely miss the jackal. The ball python bites you.
* * * LOW HITPOINT WARNING * * *
The ball python constricts you.
* * * LOW HITPOINT WARNING * * *
The jackal bites you.
* * * LOW HITPOINT WARNING * * *
The frilled lizard bites you but does no damage.
You are confused.
You feel invigorated.
The ball python bites you but does no damage.
The ball python constricts you.
* * * LOW HITPOINT WARNING * * *
The jackal bites you.
* * * LOW HITPOINT WARNING * * *
The frilled lizard bites you.
You die...

#. ####.##..#### #.#
.............
#.##.............
#....~~~~≈~≈~~~~~
#....≈≈≈~≈≈≈≈≈≈≈≈ #
#...(~~≈≈≈≈≈≈≈≈≈≈
##.#.###....~≈≈#+#'#≈≈≈≈
.....gl.....~≈≈+(..##'##
....hrh@....≈≈≈+...#....
.....#S##...~≈≈#'#'#.###
... #. #....~≈≈≈#...#..
. .g #..⌠..~≈~'.⌠.'.<
... #..⌠..≈~≈'.⌠.'..
.... #....~≈≈≈#...#..
##... #...~~≈#+###.###
#........≈≈≈+ +...
.#....~≈≈+ ##+##


You could see a quokka, 2 jackals, a hobgoblin, a goblin, a ball python and a
frilled lizard.

Vanquished Creatures
  A goblin (D:1)
  A rat (D:1)
2 creatures vanquished.

Notes
Turn   | Place    | Note
-------+----------+-------------------------------------------
     0 | D:1      | innerfire43 the Demonspawn Monk began the quest for the
                  | Orb.
     0 | D:1      | Reached XP level 1. HP: 18/18 MP: 1/1
    52 | D:1      | Slain by a frilled lizard

Illustrated notes

Levels and vault maps discovered:
D:1:      dpeg_arrival_castle, layout_basic, serial_forest,
          infiniplex_forest_straight_2, infiniplex_forest_straight_3,
          infiniplex_forest_clump_double, infiniplex_forest_lined_1,
          infiniplex_forest_clump_small, infiniplex_forest_straight_2,
          infiniplex_forest_lined_3_way

Action                     || total
---------------------------++-------
  Melee: Spear             ||    12
    Use: Potion            ||     1
 Armour: Robe              ||     6
  Dodge: Dodged            ||    16

Table legend: (Time is in decaauts)
 A = Elapsed time spent in this place.
 B = Non-inter-level travel time spent in this place.
 C = Inter-level travel time spent in this place.
 D = Time resting spent in this place.
 E = Time spent auto-exploring this place.
 F = Levels seen in this place.
 G = Mean time per level.
                   A        B        C        D        E       F      G
               +--------+--------+--------+--------+--------+-----+--------+
         Total |     53 |     53 |      0 |      0 |     36 |   1 |   53.0 |
       Dungeon |     53 |     53 |      0 |      0 |     36 |   1 |   53.0 |
               +--------+--------+--------+--------+--------+-----+--------+

Top non-repeatable levels by time:
     D:1: 53 daAuts
